 Dungeon Crawl Stone Soup version 0.24.0-7-gb3623d2c88 (webtiles) character file.

Game seed: 3957443508715053534, levelgen mode: deterministic

17 Esekla the Skirmisher (level 2, -4/26 HPs)
             Began as a Ghoul Chaos Knight on Nov 2, 2019.
             Was a Plaything of Xom.
             Slain by an adder (5 damage)
             ... on level 1 of the Dungeon.
             The game lasted 00:05:46 (885 turns).

Esekla the Skirmisher (Ghoul Chaos Knight)           Turns: 885, Time: 00:05:47

Health: -4/26      AC:  6    Str: 15    XL:     2   Next: 62%
Magic:  1/1        EV: 11    Int:  7    God:    Xom [.*....]
Gold:   36         SH:  0    Dex:  8    Spells: 1/1 levels left

rFire    . . .     SeeInvis .   a - +0 falchion (chaos)
rCold    + . .     Gourm    .   (no shield)
rNeg     + + +     Faith    .   b - +3 leather armour
rPois    ∞         Spirit   .   (no helmet)
rElec    .         Reflect  .   (no cloak)
rCorr    .         Harm     .   (no gloves)
MR       .....                  (no boots)
Stlth    +.........             d - amulet of inaccuracy (curse)
HPRegen  0.00/turn              (no ring)
MPRegen  0.07/turn              (no ring)

@: rotting
A: rotting body, claws 1, carnivore, cold resistance 1, negative energy
resistance 3, inhibited regeneration, torment resistance, unbreathing
a: Renounce Religion


You were on level 1 of the Dungeon.
You worshipped Xom.
You were a plaything of Xom.
You were not hungry.

You visited 1 branch of the dungeon, and saw 2 of its levels.

You collected 36 gold pieces.

Inventory:

Hand Weapons
 a - a +0 falchion of chaos (weapon)
Missiles
 g - 21 poisoned darts (quivered)
Armour
 b - a +3 leather armour (worn)
Jewellery
 d - a cursed amulet of inaccuracy (around neck)
Scrolls
 i - a scroll of identify
Potions
 e - a potion of flight {unknown}
 f - 2 potions of agility
Comestibles
 c - 4 rations


   Skills:
 * Level 3.5 Fighting
 + Level 3.1 Long Blades
 * Level 2.0 Armour
 + Level 1.1 Dodging


You had one spell level left.
You didn't know any spells.
Your spell library was empty.

Dungeon Overview and Level Annotations

Branches:
Dungeon (2/15)

Altars:


Innate Abilities, Weirdness & Mutations

Your body is rotting away.
You thrive on raw meat.
You are immune to poison.
You have sharp fingernails.
You are carnivorous and can eat meat at any time.
Your flesh is cold resistant. (rC+)
You are immune to negative energy. (rN+++)
You do not regenerate when monsters are visible.
You are immune to unholy pain and torment.
You can survive without breathing.


Message History

There is a stone staircase leading up here.
Okay, then.
You closely miss something. Something bites you.
* * * LOW HITPOINT WARNING * * *
Something bites you.
* * * LOW HITPOINT WARNING * * *
Something bites you but does no damage.
You climb upwards.
Reactivating autopickup.
There is a stone staircase leading down here.
Something bites you.
* * * LOW HITPOINT WARNING * * *
Deactivating autopickup; reactivate with Ctrl-A.
Okay, then.
Something bites you but does no damage.
There is a stone staircase leading down here.
You miss something.
Something bites you but does no damage. x2
You completely miss something.
Something bites you but does no damage. x2
You barely miss something. Something bites you.
You die...

#.# ##..#...## ##
#.# ##.....# #
#.########.##.## ##
#.##.......##..###.
##.##.########......
#.........# #......
#.........# #......
#.........# #......
#..@......####......
#..{................
#..>......#.#.......
#..........##...###.
#...........#..## ##
#..............# #
#####.....(..#.## ##
##..######..###.
#..# #......


There were no monsters in sight!

Vanquished Creatures
  3 leopard geckos (D:1)
  3 bats (D:1)
  A giant cockroach (D:1)
  A frilled lizard (D:1)
  3 kobolds (D:1)
  5 rats (D:1)
16 creatures vanquished.

Vanquished Creatures (others)
  A dart slug (D:2)
1 creature vanquished.

Grand Total: 17 creatures vanquished

Notes
Turn   | Place    | Note
-------+----------+-------------------------------------------
     0 | D:1      | Esekla the Ghoul Chaos Knight began the quest for the Orb.
     0 | D:1      | Reached XP level 1. HP: 19/19 MP: 0/0
    57 | D:1      | XOM: harmless Summ miscast
   205 | D:1      | XOM: divination: detect items
   224 | D:1      | XOM: harmless Erth miscast
   244 | D:1      | Reached skill level 1 in Dodging
   244 | D:1      | Reached XP level 2. HP: 12/26 MP: 1/1
   360 | D:1      | XOM: medium Hex miscast
   440 | D:1      | XOM: god gift: potion of agility
   879 | D:1      | HP: 1/26 [something (1)]
   885 | D:1      | Slain by an adder

Levels and vault maps discovered:
D:1:      minmay_arrival_four_circles, layout_loops_ring
D:2:      layout_loops_corners, fiery_altar_vehumet, first_ration,
          minmay_pentomino_w4

Skill      XL: |  1  2 |
---------------+-------+-----
Long Blades    | 3 |  3.1
Dodging        | 1 |  1.1
Armour         | 2 |  2.0
Fighting       | |  3.5

Action                   || total
-------------------------++-------
Melee: Falchion          ||   110
  Use: Scroll            ||     6
  Eat: Chunk             ||     5
Armor: Leather armour    ||    72
Dodge: Dodged            ||    57
       Rpst.: Falchion   ||    16
